[Event "POL-chT 2 Liga 2019"]
[Site "Poronin"]
[Date "2019.09.09"]
[Round "3.7"]
[White "Molenda, Marcin"]
[Black "Kozak, Antoni"]
[Result "0-1"]
[ECO "A04"]
[WhiteElo "2373"]
[BlackElo "2341"]
[Annotator "RC"]
[PlyCount "60"]
[EventDate "2019.09.07"]
[EventType "team-tourn"]
[EventCountry "POL"]
[SourceTitle "playchess.com"]
[Source "ChessBase"]
[SourceQuality "1"]
[TimeControl "40/5400+30:1800+30"]

1. Nf3 c5 2. g3 Nc6 3. Bg2 Nf6 4. O-O e5 5. e4 Be7 6. d3 O-O 7. c3 d6 8. Nbd2 Re8 9. Re1 Bf8 10. Nc4 b5 11. Ne3 Rb8 12. a3 h6 13. Qc2 Be6 14. b4 g6 15. Bb2 Rc8 16. Qb1 d5 17. exd5 Nxd5 18. Nf1 Bf5 19. Nh4 Be6 20. Nf3 Qc7 21. c4 bxc4 22. dxc4 Nb6 23. Nxe5 Bf5 24. Bxc6 Bd3 25. Qc2 Bxc2 26. Bxe8 Bb1 27. Raxb1 Rxe8 28. bxc5 Bg7 29. Ba1 Na4 30. Rb3 Bxe5 0-1

[Event "POL-chT 2 Liga 2019"]
[Site "Poronin"]
[Date "2019.09.09"]
[Round "3.11"]
[White "Koloczek, Maciej"]
[Black "Sowinski, Pawel"]
[Result "0-1"]
[ECO "B41"]
[WhiteElo "1932"]
[BlackElo "1606"]
[Annotator "NA RC"]
[PlyCount "82"]
[EventDate "2019.09.07"]
[EventType "team-tourn"]
[EventCountry "POL"]
[SourceTitle "playchess.com"]
[Source "ChessBase"]
[SourceQuality "1"]
[TimeControl "40/5400+30:1800+30"]

1. e4 c5 2. Nf3 e6 3. d4 cxd4 4. Nxd4 a6 5. c4 Nf6 6. Nc3 Bb4 7. Qd3 Nc6 8. Nc2 d5 9. exd5 exd5 10. cxd5 Nxd5 11. Qe4+ Qe7 12. Qxe7+ Kxe7 13. Bd2 Nxc3 14. bxc3 Bc5 15. Be2 Be6 16. O-O Rhd8 17. Bf4 Bd6 18. Be3 Be5 19. Rab1 Rd7 20. c4 Rc8 21. Nb4 Nd4 22. Bxd4 Bxd4 23. Nd5+ Bxd5 24. cxd5 Rc2 25. Bg4 Rdc7 26. Rbd1 R7c4 27. Rfe1+ Kd6 28. Re2 Rxe2 29. Bxe2 Rc2 30. Kf1 Kxd5 31. a4 b5 32. axb5 axb5 33. Rb1 b4 34. g3 Kc5 35. h3 Rb2 36. Rxb2 Bxb2 37. Ke1 Kd4 38. Kd2 Bc3+ 39. Kc2 Be1 40. g4 Bxf2 41. Kb3 Be1 0-1

[Event "POL-chT 2 Liga 2019"]
[Site "Poronin"]
[Date "2019.09.09"]
[Round "3.12"]
[White "Swiech, Joanna"]
[Black "Adamczyk, Zuzanna"]
[Result "1-0"]
[ECO "E00"]
[WhiteElo "2055"]
[BlackElo "1938"]
[Annotator "NA RC"]
[PlyCount "91"]
[EventDate "2019.09.07"]
[EventType "team-tourn"]
[EventCountry "POL"]
[SourceTitle "playchess.com"]
[Source "ChessBase"]
[SourceQuality "1"]
[TimeControl "40/5400+30:1800+30"]

1. d4 Nf6 2. c4 e6 3. a3 b6 4. Nc3 Bb7 5. d5 e5 6. e4 d6 7. Bd3 Nbd7 8. Nf3 g6 9. h3 Bg7 10. Bg5 h6 11. Be3 Nh5 12. Qd2 g5 13. g3 a5 14. O-O O-O 15. Qe2 Ndf6 16. h4 g4 17. Ne1 Bc8 18. Ng2 Ne8 19. Bd2 Kh7 20. Ne3 Rg8 21. Nf5 Bf8 22. Nd1 Bxf5 23. exf5 Nef6 24. Qe3 Qd7 25. Nc3 Kh8 26. b4 axb4 27. axb4 Re8 28. c5 dxc5 29. Bb5 Qxf5 30. Bxe8 Nxe8 31. bxc5 bxc5 32. Rfe1 f6 33. Ra7 Qd7 34. Rb1 Nd6 35. Rb8 Nc4 36. Qd3 Nxd2 37. Qxd2 Nf4 38. Raa8 Qg7 39. Ne4 Nh3+ 40. Kh2 f5 41. Nxc5 Nf4 42. Ne6 Nxe6 43. dxe6 f4 44. Re8 fxg3+ 45. fxg3 Qf6 46. e7 1-0

[Event "POL-chT 2 Liga 2019"]
[Site "Poronin"]
[Date "2019.09.09"]
[Round "3.18"]
[White "Suchanek, Paulina"]
[Black "Lukasiewicz, Anna"]
[Result "1/2-1/2"]
[ECO "D58"]
[WhiteElo "1574"]
[BlackElo "2075"]
[Annotator "NA RC"]
[PlyCount "87"]
[EventDate "2019.09.07"]
[EventType "team-tourn"]
[EventCountry "POL"]
[SourceTitle "playchess.com"]
[Source "ChessBase"]
[SourceQuality "1"]
[TimeControl "40/5400+30:1800+30"]

1. d4 d5 2. c4 e6 3. Nc3 Be7 4. Nf3 Nf6 5. Bg5 h6 6. Bh4 O-O 7. e3 b6 8. Bd3 dxc4 9. Bxc4 Bb7 10. O-O Nbd7 11. Qe2 Ne4 12. Bxe7 Qxe7 13. Nxe4 Bxe4 14. Nd2 Bb7 15. Rac1 c5 16. Nb3 cxd4 17. Nxd4 Nc5 18. Rfd1 a6 19. Nb3 Ne4 20. f3 Nd6 21. Bd3 e5 22. Bb1 e4 23. f4 Rac8 24. Nd4 b5 25. b3 Rc7 26. Qd2 Rfc8 27. g3 Rxc1 28. Rxc1 Qd8 29. Rxc8 Qxc8 30. Qc2 Qd8 31. Kf2 Qb6 32. Qd2 b4 33. Bc2 a5 34. Bd1 Ne8 35. h3 Nf6 36. Be2 Nd5 37. Bc4 Nc3 38. Ne2 Nxe2 39. Bxe2 Bc8 40. g4 Qc7 41. Qd5 Bb7 42. Qc4 Qe7 43. Qb5 g6 44. Qxa5 1/2-1/2

[Event "POL-chT 2 Liga 2019"]
[Site "Poronin"]
[Date "2019.09.09"]
[Round "3.24"]
[White "Starosta, Martyna"]
[Black "Fraczek, Weronika"]
[Result "1-0"]
[ECO "C70"]
[WhiteElo "1814"]
[BlackElo "1875"]
[Annotator "NA RC"]
[PlyCount "115"]
[EventDate "2019.09.07"]
[EventType "team-tourn"]
[EventCountry "POL"]
[SourceTitle "playchess.com"]
[Source "ChessBase"]
[SourceQuality "1"]
[TimeControl "40/5400+30:1800+30"]

1. e4 e5 2. Nf3 Nc6 3. Bb5 a6 4. Ba4 g6 5. d4 exd4 6. Bg5 Be7 7. Bxe7 Ngxe7 8. O-O O-O 9. Nxd4 b5 10. Nxc6 Nxc6 11. Bb3 Na5 12. Nc3 Bb7 13. f4 Nxb3 14. axb3 f5 15. e5 Qe7 16. Qd4 c5 17. Qd2 Qe6 18. Rad1 Rad8 19. Qf2 d6 20. exd6 Rxd6 21. Qxc5 Rxd1 22. Rxd1 Re8 23. h3 Rc8 24. Qd4 Qc6 25. Rd2 a5 26. Qe5 Qe8 27. Qxe8+ Rxe8 28. Nxb5 Bc6 29. Nd4 Ba8 30. Kf2 Kf7 31. Nb5 Re7 32. Nd6+ Ke6 33. Nc4 Ra7 34. Rd6+ Ke7 35. Rb6 a4 36. Ne5 axb3 37. Rxb3 Be4 38. c4 Kd6 39. Rb5 Ra2 40. c5+ Kc7 41. Kg3 Bb7 42. c6 Bc8 43. h4 Ra1 44. Kh2 Re1 45. Ra5 Re4 46. Ra7+ Kd6 47. Rxh7 Rxf4 48. Nxg6 Rb4 49. c7 Rxb2 50. Ne7 Kxc7 51. Nxc8+ Kxc8 52. Rf7 Rb4 53. Kh3 Rb5 54. h5 Kd8 55. h6 Rb6 56. h7 Rh6+ 57. Kg3 Ke8 58. Rg7 1-0

[Event "POL-chT 2 Liga 2019"]
[Site "Poronin"]
[Date "2019.09.09"]
[Round "3.29"]
[White "Polok, Rafal"]
[Black "Szolc, Grzegorz"]
[Result "1/2-1/2"]
[ECO "B23"]
[WhiteElo "2053"]
[BlackElo "2038"]
[Annotator "NA RC"]
[PlyCount "65"]
[EventDate "2019.09.07"]
[EventType "team-tourn"]
[EventCountry "POL"]
[SourceTitle "playchess.com"]
[Source "ChessBase"]
[SourceQuality "1"]
[TimeControl "40/5400+30:1800+30"]

1. e4 c5 2. Nc3 e6 3. g3 Nc6 4. Bg2 g6 5. d3 Bg7 6. Be3 d6 7. Qd2 Rb8 8. Nf3 Qb6 9. Nd1 Nd4 10. c3 Nxf3+ 11. Bxf3 Qc7 12. d4 b6 13. O-O h5 14. h4 Ne7 15. Bg2 Bb7 16. f4 f5 17. e5 Bxg2 18. Kxg2 cxd4 19. cxd4 Qb7+ 20. Kh2 d5 21. a4 a6 22. b3 Kf7 23. Nb2 Rhc8 24. Nd3 Nc6 25. Qb2 Bf8 26. Bd2 Rc7 27. Rfc1 Rbc8 28. Rc2 Nb8 29. Rxc7+ Rxc7 30. Bb4 Bxb4 31. Nxb4 a5 32. Nd3 Qc8 33. Rc1 1/2-1/2

[Event "POL-chT 2 Liga 2019"]
[Site "Poronin"]
[Date "2019.09.09"]
[Round "3.30"]
[White "Szydlowska-Duda, Marta"]
[Black "Trybowska, Barbara"]
[Result "1/2-1/2"]
[ECO "D02"]
[WhiteElo "1986"]
[BlackElo "1689"]
[Annotator "NA RC"]
[PlyCount "38"]
[EventDate "2019.09.07"]
[EventType "team-tourn"]
[EventCountry "POL"]
[SourceTitle "playchess.com"]
[Source "ChessBase"]
[SourceQuality "1"]
[TimeControl "40/5400+30:1800+30"]

1. d4 d5 2. Nf3 Nf6 3. Bf4 c5 4. e3 Nc6 5. c3 e6 6. Bd3 Nh5 7. Bg3 Nxg3 8. hxg3 h6 9. Nbd2 Qb6 10. Rb1 cxd4 11. exd4 Bd6 12. Qe2 Bd7 13. b4 Qc7 14. Nb3 b6 15. Kf1 Kf8 16. Re1 Re8 17. Ne5 Nxe5 18. dxe5 Be7 19. Rc1 Ba4 1/2-1/2

[Event "POL-chT 2 Liga 2019"]
[Site "Poronin"]
[Date "2019.09.09"]
[Round "3.36"]
[White "Czerwinska, Milena"]
[Black "Huchwajda, Katarzyna"]
[Result "1/2-1/2"]
[ECO "B33"]
[WhiteElo "2006"]
[BlackElo "1771"]
[Annotator "NA RC"]
[PlyCount "83"]
[EventDate "2019.09.07"]
[EventType "team-tourn"]
[EventCountry "POL"]
[SourceTitle "playchess.com"]
[Source "ChessBase"]
[SourceQuality "1"]
[TimeControl "40/5400+30:1800+30"]

1. e4 c5 2. Nf3 e6 3. d4 cxd4 4. Nxd4 Nc6 5. Nc3 Nf6 6. Ndb5 d6 7. Bf4 e5 8. Bg5 a6 9. Na3 b5 10. Nd5 Be7 11. Bxf6 Bxf6 12. c4 b4 13. Nc2 a5 14. Be2 O-O 15. O-O Bg5 16. Bg4 Be6 17. Nde3 Bh6 18. Qd3 Qe7 19. Rad1 Rad8 20. g3 g6 21. Nd5 Qa7 22. Nf6+ Kg7 23. Bxe6 Kxf6 24. Bh3 Kg7 25. Kh1 Qc5 26. Qe2 Ne7 27. f4 f6 28. f5 Rb8 29. b3 Ra8 30. Qd3 Ra6 31. Qe2 Ra7 32. Rd3 Ra6 33. Qg4 g5 34. Qe2 Rb8 35. Bg4 a4 36. Rfd1 Rbb6 37. Bh5 Qc8 38. Qd2 Qa8 39. Qg2 axb3 40. axb3 Qb8 41. Bg4 Qc7 42. Qf3 1/2-1/2

[Event "POL-chT 2 Liga 2019"]
[Site "Poronin"]
[Date "2019.09.09"]
[Round "3.40"]
[White "Szmyd, Marek"]
[Black "Bielczyk, Jacek"]
[Result "0-1"]
[ECO "B51"]
[WhiteElo "1885"]
[BlackElo "2279"]
[Annotator "RC"]
[PlyCount "82"]
[EventDate "2019.09.07"]
[EventType "team-tourn"]
[EventCountry "POL"]
[SourceTitle "playchess.com"]
[Source "ChessBase"]
[SourceQuality "1"]
[TimeControl "40/5400+30:1800+30"]

1. e4 c5 2. Nf3 d6 3. Bb5+ Nd7 4. d4 cxd4 5. Qxd4 Ngf6 6. Nc3 a6 7. Ba4 e6 8. Bg5 Be7 9. O-O O-O 10. Bxd7 Qxd7 11. e5 dxe5 12. Qxd7 Bxd7 13. Nxe5 Rfd8 14. Nxd7 Rxd7 15. Rfd1 Rc7 16. Bf4 Rc6 17. Be5 b5 18. a3 Rac8 19. h3 h6 20. Rd2 a5 21. Nxb5 Rxc2 22. Rxc2 Rxc2 23. Nd4 Rc5 24. Nf3 Nd5 25. b4 axb4 26. axb4 Nxb4 27. Ra8+ Kh7 28. Bd4 Rc4 29. g3 Nd5 30. Ra7 f6 31. Rd7 Kg6 32. Kg2 Kf7 33. Ba7 Rc6 34. Rb7 e5 35. g4 Rc3 36. Ng1 Rc2 37. Kg3 Ke6 38. Rb3 Bd6 39. f3 g5 40. Bb8 Nf4 41. Ra3 Ra2 0-1

[Event "POL-chT 2 Liga 2019"]
[Site "Poronin"]
[Date "2019.09.09"]
[Round "3.41"]
[White "Sadzikowski, Marian"]
[Black "Zminda, Bogdan"]
[Result "1/2-1/2"]
[ECO "B21"]
[WhiteElo "1808"]
[BlackElo "1970"]
[Annotator "NA RC"]
[PlyCount "94"]
[EventDate "2019.09.07"]
[EventType "team-tourn"]
[EventCountry "POL"]
[SourceTitle "playchess.com"]
[Source "ChessBase"]
[SourceQuality "1"]
[TimeControl "40/5400+30:1800+30"]

1. e4 c5 2. f4 d5 3. Bb5+ Bd7 4. Bxd7+ Qxd7 5. e5 Nc6 6. Nf3 d4 7. d3 Nh6 8. Nbd2 Nf5 9. Ne4 e6 10. O-O h5 11. Ng3 Nce7 12. Qe1 h4 13. Nxf5 Nxf5 14. Ng5 Be7 15. Ne4 O-O-O 16. Qa5 b6 17. Qa6+ Qb7 18. Qxb7+ Kxb7 19. a4 a6 20. b3 b5 21. axb5 axb5 22. Bd2 Ra8 23. Kf2 Kc6 24. Kf3 Kd5 25. g4 hxg3 26. hxg3 f6 27. exf6 gxf6 28. g4 Nh4+ 29. Kg3 Rxa1 30. Rxa1 f5 31. c4+ dxc3 32. Nxc3+ Kd4 33. Ra7 Kxd3 34. Rxe7 Kxd2 35. Nxb5 fxg4 36. Rxe6 Nf5+ 37. Kxg4 Ne3+ 38. Kg5 Rg8+ 39. Kf6 Rb8 40. Rd6+ Ke2 41. Nc3+ Kf3 42. Na4 c4 43. bxc4 Nxc4 44. Rd4 Rf8+ 45. Kg5 Ne3 46. Nb2 Rf5+ 47. Kg6 Rxf4 1/2-1/2

[Event "POL-chT 2 Liga 2019"]
[Site "Poronin"]
[Date "2019.09.09"]
[Round "3.42"]
[White "Czaplewska, Klara"]
[Black "Murawko, Katarzyna"]
[Result "1/2-1/2"]
[ECO "A43"]
[WhiteElo "1870"]
[BlackElo "2062"]
[Annotator "NA RC"]
[PlyCount "53"]
[EventDate "2019.09.07"]
[EventType "team-tourn"]
[EventCountry "POL"]
[SourceTitle "playchess.com"]
[Source "ChessBase"]
[SourceQuality "1"]
[TimeControl "40/5400+30:1800+30"]

1. d4 c5 2. d5 d6 3. c4 g6 4. e4 Bg7 5. Nc3 Nf6 6. h3 O-O 7. Nf3 a6 8. Bd3 Nbd7 9. O-O e5 10. Be3 h6 11. Qd2 Kh7 12. Nh2 Ng8 13. f4 exf4 14. Bxf4 Ne5 15. Be2 g5 16. Bg3 Ne7 17. Nf3 N7g6 18. Nd1 f5 19. exf5 Bxf5 20. Ne3 Be4 21. Nxe5 Bxe5 22. Bxe5 Nxe5 23. Ng4 Nxg4 24. Bxg4 Bg6 25. Rxf8 Qxf8 26. Rf1 Qg7 27. Kh1 1/2-1/2

[Event "POL-chT 2 Liga 2019"]
[Site "Poronin"]
[Date "2019.09.09"]
[Round "3.54"]
[White "Kasperek, Joanna"]
[Black "Bednarska-Bzdega, Malgorzata"]
[Result "1-0"]
[ECO "B22"]
[WhiteElo "2045"]
[BlackElo "1991"]
[Annotator "NA RC"]
[PlyCount "89"]
[EventDate "2019.09.07"]
[EventType "team-tourn"]
[EventCountry "POL"]
[SourceTitle "playchess.com"]
[Source "ChessBase"]
[SourceQuality "1"]
[TimeControl "40/5400+30:1800+30"]

1. e4 c5 2. c3 g6 3. d4 cxd4 4. cxd4 d5 5. exd5 Nf6 6. Nc3 Bg7 7. Bb5+ Nbd7 8. d6 e6 9. Nf3 O-O 10. O-O Nb6 11. Bf4 Nfd5 12. Be5 a6 13. Bd3 Bd7 14. a3 Bc6 15. Ne4 Re8 16. h4 f6 17. Bh2 Bf8 18. h5 g5 19. Re1 Nc8 20. Nc5 Bxd6 21. Nxe6 Bxh2+ 22. Nxh2 Qe7 23. Nc5 Qf7 24. Rxe8+ Qxe8 25. h6 Nd6 26. Ng4 Qf8 27. Ne4 Nxe4 28. Bxe4 f5 29. Bxd5+ Bxd5 30. Qd2 Qd8 31. Ne3 f4 32. Nxd5 Qxd5 33. Re1 Qd6 34. Qd3 Qxh6 35. Qb3+ Kh8 36. Qxb7 Rd8 37. Qe7 Rc8 38. d5 g4 39. d6 g3 40. fxg3 fxg3 41. Qe5+ Kg8 42. Qxg3+ Kh8 43. Qe5+ Kg8 44. d7 Rf8 45. Qd5+ 1-0

[Event "POL-chT 2 Liga 2019"]
[Site "Poronin"]
[Date "2019.09.10"]
[Round "4.1"]
[White "Pakleza, Zbigniew"]
[Black "Oglaza, Oskar"]
[Result "1-0"]
[ECO "A05"]
[WhiteElo "2491"]
[BlackElo "2351"]
[Annotator "ChessBase"]
[PlyCount "57"]
[EventDate "2019.09.07"]
[EventType "team-tourn"]
[EventCountry "POL"]
[SourceTitle "playchess.com"]
[Source "ChessBase"]
[SourceQuality "1"]
[TimeControl "40/5400+30:1800+30"]

1. Nf3 Nf6 2. c4 c6 3. Nc3 d5 4. e3 e6 5. b3 Nbd7 6. Bb2 Be7 7. d4 b6 8. Bd3 Bb7 9. O-O O-O 10. Qe2 Qc7 11. Rac1 Rad8 12. h3 Rfe8 13. Rfd1 Qb8 14. a3 c5 15. cxd5 Nxd5 16. Bb5 Rf8 17. Nxd5 exd5 18. dxc5 Bxc5 19. Nd4 Ne5 20. Nf5 Bc8 21. Qc2 Be6 22. b4 Bd6 23. Nxd6 Qxd6 24. f4 Ng6 25. f5 Nh4 26. fxe6 fxe6 27. Qc7 Qxc7 28. Rxc7 d4 29. Rxd4 1-0

[Event "POL-chT 2 Liga 2019"]
[Site "Poronin"]
[Date "2019.09.10"]
[Round "4.2"]
[White "Pacan-Milej, Kosma"]
[Black "Jakubiec, Artur"]
[Result "1/2-1/2"]
[ECO "A41"]
[WhiteElo "2287"]
[BlackElo "2472"]
[Annotator "ChessBase"]
[PlyCount "24"]
[EventDate "2019.09.07"]
[EventType "team-tourn"]
[EventCountry "POL"]
[SourceTitle "playchess.com"]
[Source "ChessBase"]
[SourceQuality "1"]
[TimeControl "40/5400+30:1800+30"]

1. d4 d6 2. e4 Nf6 3. Bd3 g6 4. Nf3 Bg7 5. O-O O-O 6. c3 Nc6 7. Nbd2 Bg4 8. h3 Bxf3 9. Nxf3 e5 10. dxe5 dxe5 11. Bc2 Qe7 12. Qe2 a6 1/2-1/2

[Event "POL-chT 2 Liga 2019"]
[Site "Poronin"]
[Date "2019.09.10"]
[Round "4.4"]
[White "Punin, Andrii"]
[Black "Szoen, Dariusz"]
[Result "1/2-1/2"]
[ECO "C18"]
[WhiteElo "2325"]
[BlackElo "2415"]
[Annotator "NA"]
[PlyCount "118"]
[EventDate "2019.09.07"]
[EventType "team-tourn"]
[EventCountry "POL"]
[SourceTitle "playchess.com"]
[Source "ChessBase"]
[SourceQuality "1"]
[TimeControl "40/5400+30:1800+30"]

1. e4 e6 2. d4 d5 3. Nc3 Bb4 4. e5 c5 5. a3 Bxc3+ 6. bxc3 Qa5 7. Bd2 Qa4 8. Qg4 Kf8 9. Nf3 Nc6 10. Be2 Nge7 11. h3 Qxc2 12. dxc5 Ng6 13. Rc1 Qb2 14. Qg5 Qxa3 15. Be3 h6 16. Qg3 Nce7 17. Nd4 Nf5 18. Nxf5 exf5 19. O-O Be6 20. Bd4 Qa5 21. f4 Kg8 22. Ra1 Qc7 23. Ra3 Nf8 24. Rfa1 a5 25. Qd3 Kh7 26. Qb5 Bd7 27. Qb6 Qxb6 28. cxb6 a4 29. Bd1 Ne6 30. Bxa4 Bxa4 31. Rxa4 Rab8 32. g3 Rhd8 33. Kf2 Rbc8 34. Ke3 Rc6 35. Ra5 g5 36. Rb5 Nxd4 37. Kxd4 Rc4+ 38. Kd3 gxf4 39. gxf4 Rxf4 40. Ra7 Rd7 41. Rc5 Rc4 42. Rxd5 Rxd5+ 43. Kxc4 Rd7 44. Ra1 Re7 45. Kd5 Re6 46. Rb1 f4 47. Ke4 Rc6 48. Kxf4 Rxc3 49. Rd1 Rb3 50. Rd6 Kg7 51. h4 h5 52. e6 fxe6 53. Rxe6 Rb5 54. Re7+ Kf6 55. Rxb7 Rb4+ 56. Kg3 Rb3+ 57. Kf2 Kf5 58. Rg7 Rxb6 59. Rg5+ Kf4 1/2-1/2

[Event "POL-chT 2 Liga 2019"]
[Site "Poronin"]
[Date "2019.09.10"]
[Round "4.5"]
[White "Gmaj, Krzysztof"]
[Black "Kowalczyk, Pawel"]
[Result "0-1"]
[ECO "B53"]
[WhiteElo "2120"]
[BlackElo "2294"]
[Annotator "RC"]
[PlyCount "294"]
[EventDate "2019.09.07"]
[EventType "team-tourn"]
[EventCountry "POL"]
[SourceTitle "playchess.com"]
[Source "ChessBase"]
[SourceQuality "1"]
[TimeControl "40/5400+30:1800+30"]

1. e4 c5 2. Nf3 d6 3. d4 cxd4 4. Qxd4 a6 5. c4 Nf6 6. Nc3 e6 7. Be2 Be7 8. O-O Nc6 9. Qd2 O-O 10. b3 b6 11. Bb2 Bb7 12. Rad1 Qc7 13. Nd4 Rfd8 14. Qe3 Rac8 15. Kh1 Nxd4 16. Qxd4 Qc5 17. Qd3 b5 18. Qg3 bxc4 19. Bxc4 Bf8 20. f3 Qh5 21. Ne2 Qg6 22. Qh3 Qh5 23. Qg3 Kh8 24. Nf4 Qa5 25. Qh4 Ne8 26. Bxe6 fxe6 27. Nxe6 Kg8 28. Nxf8 Kxf8 29. Qxh7 Qg5 30. Rf2 Nf6 31. Qh3 Kf7 32. Bxf6 Qxf6 33. Rfd2 Kg8 34. Qg3 d5 35. exd5 Rxd5 36. Rxd5 Bxd5 37. h3 Bf7 38. Rd2 Rd8 39. Re2 Rd1+ 40. Kh2 Qb6 41. Qe5 Rd5 42. Qf4 Qg6 43. Qb8+ Kh7 44. Re4 Qd6+ 45. Qxd6 Rxd6 46. Kg3 Kg6 47. Re5 Kf6 48. Rc5 Be8 49. Rc2 Bb5 50. Kf4 Ke6 51. Ke3 Rd3+ 52. Ke4 Rd1 53. Ke3 g6 54. h4 Rh1 55. g3 Rd1 56. Kf4 Kf6 57. g4 Rd4+ 58. Ke3 Rd5 59. Kf4 Bd7 60. Re2 Rd4+ 61. Ke3 Rd6 62. Kf4 Bc6 63. Rc2 Kf7 64. Rc3 Kf6 65. Rc2 Bb5 66. Ke3 Rd1 67. Kf4 Rh1 68. a4 Bd7 69. Rc7 Rd1 70. Rb7 Rd4+ 71. Ke3 Rd6 72. a5 Rd5 73. Rb6+ Kf7 74. Rxa6 Rb5 75. Ra7 Rxb3+ 76. Kf4 Rb4+ 77. Kg5 Rb5+ 78. Kf4 Ke7 79. Ra6 Be8 80. Ra7+ Kf8 81. Ra8 Rc5 82. Ra7 Rc4+ 83. Kg5 Rc5+ 84. Kf4 Bf7 85. Ra8+ Kg7 86. Ra7 Kf6 87. Ra6+ Be6 88. Ra7 Rc4+ 89. Ke3 Rb4 90. Ra6 Ra4 91. f4 Kf7 92. h5 Bxg4 93. Rxg6 Bxh5 94. Rg5 Bg6 95. Re5 Kf6 96. Kf3 Bf5 97. Ke3 Ra3+ 98. Kf2 Bg4 99. Kg2 Rf3 100. Re4 Ra3 101. Re5 Bf3+ 102. Kf2 Bc6 103. Rc5 Be4 104. Ke2 Rf3 105. f5 Ra3 106. Kd2 Bxf5 107. Ke2 Be4 108. Kd2 Ke6 109. Rh5 Kd6 110. Kc1 Bd5 111. Kb2 Rxa5 112. Rh3 Ra2+ 113. Kb1 Rf2 114. Kc1 Kc5 115. Kb1 Kd4 116. Kc1 Be4 117. Ra3 Bd3 118. Ra4+ Ke3 119. Ra8 Rc2+ 120. Kd1 Rb2 121. Re8+ Be4 122. Rc8 Rh2 123. Kc1 Rh1+ 124. Kb2 Bd3 125. Re8+ Kd2 126. Rc8 Rb1+ 127. Ka2 Rb5 128. Rc7 Bc2 129. Rd7+ Kc1 130. Ka3 Rb3+ 131. Ka2 Rb4 132. Ra7 Rb5 133. Ka3 Rb1 134. Rc7 Rb3+ 135. Ka2 Rb4 136. Ra7 Rc4 137. Ra5 Kd2 138. Ra7 Kc3 139. Ra3+ Kb4 140. Ra7 Bb3+ 141. Kb2 Rc2+ 142. Kb1 Rf2 143. Rc7 Bc4 144. Rg7 Kc3 145. Rg3+ Bd3+ 146. Ka1 Rf1+ 147. Ka2 Rf6 0-1

[Event "POL-chT 2 Liga 2019"]
[Site "Poronin"]
[Date "2019.09.10"]
[Round "4.6"]
[White "Starosta, Martyna"]
[Black "Kubicka, Anna"]
[Result "1-0"]
[ECO "B94"]
[WhiteElo "1814"]
[BlackElo "2225"]
[Annotator "NA"]
[PlyCount "111"]
[EventDate "2019.09.07"]
[EventType "team-tourn"]
[EventCountry "POL"]
[SourceTitle "playchess.com"]
[Source "ChessBase"]
[SourceQuality "1"]
[TimeControl "40/5400+30:1800+30"]

1. e4 c5 2. Nf3 d6 3. d4 cxd4 4. Nxd4 Nf6 5. Nc3 a6 6. Bg5 Nbd7 7. f4 Qc7 8. Qf3 h6 9. Bxf6 Nxf6 10. f5 Qc5 11. O-O-O g5 12. e5 Qxe5 13. g3 h5 14. Kb1 g4 15. Qf2 Bh6 16. Re1 Qc5 17. Bg2 Bd7 18. Qe2 O-O 19. Nb3 Qxf5 20. Rhf1 Qg6 21. Bxb7 Rab8 22. Bxa6 e5 23. Rd1 Ne8 24. Nd5 Bg5 25. Bc4 Kg7 26. Nc5 Bc8 27. Nd3 Kh6 28. Qf2 Be6 29. Qa7 Bxd5 30. Bxd5 Nf6 31. Bb3 Ne4 32. Qa5 f5 33. Nf2 Nxf2 34. Rxf2 Be3 35. Re2 f4 36. Qc7 Rbd8 37. a4 Rc8 38. Qd7 Rcd8 39. Qc7 Rc8 40. Qd7 Rfd8 41. Qe7 Re8 42. Qd7 Rcd8 43. Qc7 Qf6 44. c3 Bc5 45. gxf4 exf4 46. Rde1 Rxe2 47. Rxe2 Be3 48. Bc2 Re8 49. Qh7+ Kg5 50. Qd3 Qe6 51. Re1 f3 52. Rf1 f2 53. Qh7 Re7 54. Qd3 Kh4 55. a5 Qe5 56. a6 1-0

[Event "POL-chT 2 Liga 2019"]
[Site "Poronin"]
[Date "2019.09.10"]
[Round "4.8"]
[White "Lizak, Jakub"]
[Black "Mis, Mieszko"]
[Result "1/2-1/2"]
[ECO "A36"]
[WhiteElo "2236"]
[BlackElo "2320"]
[Annotator "NA"]
[PlyCount "93"]
[EventDate "2019.09.07"]
[EventType "team-tourn"]
[EventCountry "POL"]
[SourceTitle "playchess.com"]
[Source "ChessBase"]
[SourceQuality "1"]
[TimeControl "40/5400+30:1800+30"]

1. c4 g6 2. g3 Bg7 3. Bg2 c5 4. Nc3 Nc6 5. a3 Nf6 6. Rb1 a5 7. d3 O-O 8. Nf3 d5 9. cxd5 Nxd5 10. Bd2 Nc7 11. Qc1 b6 12. Bh6 Bb7 13. h4 Nd4 14. h5 Nxf3+ 15. Bxf3 Bxf3 16. exf3 Qxd3 17. Bxg7 Kxg7 18. Rh4 Kh8 19. Qh6 Ne6 20. Rd1 Qf5 21. Rd5 Qf6 22. hxg6 Qxg6 23. Rdh5 Qxh6 24. Rxh6 Rfd8 25. Rxh7+ Kg8 26. R7h5 Nf8 27. Nd5 Ng6 28. Rg4 Ra7 29. Nxb6 Rd3 30. Ke2 Rb3 31. Nc4 Rc7 32. f4 e6 33. f5 exf5 34. Rxf5 Re7+ 35. Kd2 a4 36. f4 Re4 37. Rxc5 Kf8 38. Rgg5 Ne7 39. Rc7 f6 40. Ra5 Rxg3 41. Ra8+ Kg7 42. Re8 Rg2+ 43. Kd3 Rge2 44. Nd6 R4e3+ 45. Kd4 Kg6 46. Ra8 Re6 47. Nc4 1/2-1/2

[Event "POL-chT 2 Liga 2019"]
[Site "Poronin"]
[Date "2019.09.10"]
[Round "4.10"]
[White "Gola, Karol"]
[Black "Mika, Tomasz"]
[Result "0-1"]
[ECO "C01"]
[WhiteElo "2203"]
[BlackElo "2136"]
[Annotator "NA"]
[PlyCount "78"]
[EventDate "2019.09.07"]
[EventType "team-tourn"]
[EventCountry "POL"]
[SourceTitle "playchess.com"]
[Source "ChessBase"]
[SourceQuality "1"]
[TimeControl "40/5400+30:1800+30"]

1. e4 e6 2. d4 d5 3. exd5 exd5 4. Nf3 Bd6 5. c4 dxc4 6. Bxc4 Nf6 7. O-O O-O 8. Nc3 Nbd7 9. Bg5 c6 10. Re1 Nb6 11. Bb3 Bg4 12. h3 Bh5 13. g4 Bg6 14. Ne5 Re8 15. f4 c5 16. f5 cxd4 17. fxg6 Rxe5 18. Bxf7+ Kh8 19. Rxe5 Bxe5 20. Qe1 Qd6 21. Ne4 Nxe4 22. Qxe4 Rf8 23. Qxb7 d3 24. Qe4 Bxb2 25. Rd1 Qg3+ 26. Qg2 Bd4+ 27. Kh1 Qe5 28. Bh4 hxg6 29. Bxg6 Nc4 30. Qe4 Qxe4+ 31. Bxe4 Nb2 32. Rd2 Bc3 33. Rf2 Rxf2 34. Bxf2 d2 35. Bc2 a5 36. Kg2 d1=Q 37. Bxd1 Nxd1 38. Bb6 a4 39. Kf3 Bb4 0-1

[Event "POL-chT 2 Liga 2019"]
[Site "Poronin"]
[Date "2019.09.10"]
[Round "4.11"]
[White "Sowinski, Pawel"]
[Black "Kalmuk, Krzysztof"]
[Result "0-1"]
[ECO "B00"]
[WhiteElo "1606"]
[BlackElo "1999"]
[Annotator "NA"]
[PlyCount "102"]
[EventDate "2019.09.07"]
[EventType "team-tourn"]
[EventCountry "POL"]
[SourceTitle "playchess.com"]
[Source "ChessBase"]
[SourceQuality "1"]
[TimeControl "40/5400+30:1800+30"]

1. e4 Nc6 2. Nf3 d6 3. d4 Nf6 4. Nc3 g6 5. Bg5 Bg7 6. e5 Nd7 7. exd6 cxd6 8. Bb5 a6 9. Bxc6 bxc6 10. Ne4 Nf6 11. Bxf6 exf6 12. O-O O-O 13. c3 Rb8 14. b4 f5 15. Ned2 g5 16. Nb3 g4 17. Nfd2 f4 18. Re1 Rb5 19. Qe2 Qh4 20. Qe7 Qh6 21. Nf1 f3 22. Re3 fxg2 23. Kxg2 Rh5 24. Rae1 f5 25. Kg1 Rh3 26. Nbd2 f4 27. Rxh3 gxh3 28. Qe4 d5 29. Qd3 Qg5+ 30. Ng3 fxg3 31. fxg3 Bf5 32. Qe3 Qxe3+ 33. Rxe3 Bh6 34. Nf1 Bxe3+ 35. Nxe3 Bd3 36. a4 Rf3 37. b5 cxb5 38. axb5 axb5 39. g4 Rxe3 40. Kf2 Re2+ 41. Kg3 Rc2 42. g5 Rxc3 43. g6 Bxg6+ 44. Kh4 Kg7 45. Kg5 h6+ 46. Kh4 Kf6 47. Kg4 b4 48. Kh4 b3 49. Kg4 b2 50. Kh4 b1=Q 51. Kg4 Qe4# 0-1

[Event "POL-chT 2 Liga 2019"]
[Site "Poronin"]
[Date "2019.09.10"]
[Round "4.12"]
[White "Szydlowska-Duda, Marta"]
[Black "Swiech, Joanna"]
[Result "1/2-1/2"]
[ECO "D02"]
[WhiteElo "1986"]
[BlackElo "2055"]
[Annotator "NA"]
[PlyCount "25"]
[EventDate "2019.09.07"]
[EventType "team-tourn"]
[EventCountry "POL"]
[SourceTitle "playchess.com"]
[Source "ChessBase"]
[SourceQuality "1"]
[TimeControl "40/5400+30:1800+30"]

1. d4 d5 2. Bf4 Nf6 3. Nf3 c5 4. e3 Nc6 5. dxc5 e6 6. Bd3 Bxc5 7. c3 h6 8. h3 Qe7 9. Ne5 Bd6 10. Qa4 Bd7 11. Nxd7 Qxd7 12. Bxd6 Qxd6 13. Nd2 1/2-1/2